AoeStats
← Crazy_Owl

Four Lakes

507782307Analyzed
1v1 RM · 14d ago on Sep 19, 2026· 48m 39s· 2 players
Game mode
Random Map
Map size
Tiny (2 player)
Population
200
Speed
Normal
Resources
Standard
Victory
Conquest
Starting age
Dark Age
Ending age
Imperial Age
RankedLock teamsTeams togetherTeam positionsShared explorationLock speedFull tech treeHidden civsTurbo modeCheats
Victory
Defeat
🇳🇱 Goths · Netherlands
890
+13
🇺🇸 Malay · United States
824
-13
Crazy_Owl
12:45 Feudal Age
13:16 Fishing Lines
13:36 Double-Bit Axe
14:52 Horse Collar
15:04 Loom
17:39 Castle Age
18:06 Wheelbarrow
19:03 Bow Saw
21:09 Heavy Plow
22:30 Fletching
22:41 Scale Mail Armor
24:59 Pikeman
27:05 Chain Mail Armor
26:46 Bodkin Arrow
27:28 Elite Skirmisher
30:37 Gold Mining
31:11 Hand Cart
34:21 Imperial Age
32:15 Ballistics
32:53 Forging
33:12 Anarchy
34:06 Squires
36:22 Iron Casting
36:14 Conscription
36:58 Halberdier
37:01 Man-at-Arms
37:50 Bracer
38:51 Blast Furnace
37:27 Long Swordsman
38:44 Guilds
38:03 Two-Handed Swordsman
40:28 Champion
43:30 Chemistry
42:42 Masonry
truffle shuffle
9:48 Feudal Age
10:01 Double-Bit Axe
11:00 Horse Collar
19:25 Castle Age
18:50 Pikeman
20:08 Bow Saw
22:16 Wheelbarrow
22:29 Stone Mining
24:14 Heavy Plow
24:08 Gold Mining
25:43 Fishing Lines
29:45 Imperial Age
27:38 Gillnets
28:49 Gold Shaft Mining
28:51 Stone Shaft Mining
30:26 Cavalier
31:06 Husbandry
34:32 Crop Rotation
34:09 Scale Barding Armor
35:12 Chemistry
34:26 Halberdier
36:40 Forging
38:48 Elite Karambit Warrior
40:10 Elite Skirmisher
41:27 Iron Casting
40:42 Fletching
41:25 Murder Holes
41:52 Ballistics
43:09 Hand Cart
46:09 Blast Furnace
45:04 Bodkin Arrow
45:09 Padded Archer Armor
47:27 Bombard Tower
Connection lost

Rejoining the realm…

Still unreachable

The connection could not be restored.

Session expired

The server has moved on; the page needs a fresh start.